 Dungeon Crawl Stone Soup version 0.32-a0-975-g85d4e5bfdb (webtiles) character file.

Game seed: 7915355003555392681

198399 Lemonizer the Warrior (level 18, -3/158 HPs)
             Began as a Coglin Hunter on Apr 20, 2024.
             Was the Champion of Okawaru.
             Killed from afar by Ilsuiw (28 damage)
             ... with a shard of ice
             ... on level 3 of the Shoals.
             The game lasted 01:08:07 (35031 turns).

Lemonizer the Warrior (Coglin Hunter)              Turns: 35031, Time: 01:08:08

Health: -3/158     AC: 24    Str: 16    XL:     18   Next: 44%
Magic:  23/23      EV: 22    Int:  8    God:    Okawaru [******]
Gold:   1218       SH:  0    Dex: 22    Spells: 13/17 levels left

rFire   . . .        m - +5 hand cannon (freeze) {Qinisela}
rCold   + . .        a - +2 sling {Kanchana}
rNeg    + . .        I - +2 ring mail {rC+}
rPois   +            e - +2 helmet
rElec   .            d - +2 cloak of Valiance {+Blink rN+}
rCorr   +            Y - +2 pair of gloves
SInv    .            Z - +1 pair of boots {Fly}
Will    +....        (amulet unavailable)
Stlth   ++++         (ring unavailable)
HPRegen 0.46/turn    (ring unavailable)
MPRegen 0.18/turn    b - adeledicnander widget {rPois rCorr Slay+3 Clar RMsl}

%: repel missiles, clarity
@: lethally poisoned (-3 -> -7), about to teleport, heroic, flying, revving
A: off-hand wielding, slow wielding, warmup strikes, no jewellery
}: 1/15 runes: gossamer
a: Renounce Religion, Evoke Blink, Heroism, Finesse, Duel


You were on level 3 of the Shoals.
You worshipped Okawaru.
Okawaru was exalted by your worship.
You visited 6 branches of the dungeon, and saw 30 of its levels.
You also visited: Sewer, Ossuary and Bailey.

You collected 2430 gold pieces.
You spent 1212 gold pieces at shops.

Inventory:

Hand Weapons
 a - a +2 sling (offhand) {Kanchana}
 m - a +5 hand cannon of freezing (weapon) {Qinisela}
Missiles
 r - 3 throwing nets
 G - 12 curare-tipped darts
 S - 9 atropa-tipped darts
 T - 3 darts of dispersal
Armour
 d - the +2 cloak of Valiance (worn) {+Blink rN+}
   (You bought it in a shop on level 2 of the Orcish Mines)

   rN+:       It protects you from negative energy.
   +Blink:    It lets you blink.
 e - a +2 helmet (worn)
 p - the +3 pair of boots of the Arcane {Will+}
   (Okawaru gifted it to you on level 1 of the Lair of Beasts)

   Will+:     It increases your willpower.
 I - a +2 ring mail of cold resistance (worn)
 Y - a +2 pair of gloves (worn)
 Z - a +1 pair of boots of flying (worn)
Gizmo
 b - an adeledicnander widget (installed) {rPois rCorr Slay+3 Clar RMsl}
   (You invented it yourself on level 4 of the Lair of Beasts)

   [adeledicnander widget]

   Slay+3:    It affects your accuracy & damage with ranged weapons and melee
   (+3).
   rPois:     It protects you from poison.
   Clar:      It protects you from confusion, rage, mesmerisation and fear.
   RMsl:      It protects you from missiles.
   rCorr:     It protects you from acid and corrosion.
Wands
 j - a wand of polymorph (6)
 F - a wand of flame (59)
 M - a wand of mindburst (33)
 N - a wand of paralysis (8)
 R - a wand of digging (5)
 V - a wand of light (8)
 X - a wand of iceblast (25)
Scrolls
 c - 2 scrolls of silence
 f - 4 scrolls of revelation
 g - 2 scrolls of amnesia
 h - 9 scrolls of fear
 k - a scroll of acquirement
 u - 5 scrolls of enchant armour
 C - a scroll of poison
 D - 6 scrolls of teleportation
 J - a scroll of blinking
 K - 2 scrolls of fog
Potions
 i - 5 potions of heal wounds
 l - 11 potions of haste
 n - 4 potions of magic
 q - 6 potions of resistance
 s - 3 potions of curing
 t - 13 potions of mutation
 v - 5 potions of brilliance
 B - 4 potions of might
 H - 6 potions of ambrosia
 P - 6 potions of cancellation
 Q - 2 potions of invisibility
 U - 3 potions of enlightenment


   Skills:
 + Level 18.3(23.3) Fighting
 + Level 17.7(22.7) Ranged Weapons
 - Level 10.0(15.0) Armour
 - Level 12.0(17.0) Dodging
 - Level 3.0(8.0) Stealth
 - Level 7.0 Invocations
 - Level 10.1 Evocations


You had 13 spell levels left.
You knew the following spells:

 Your Spells              Type           Power      Damage    Failure   Level
a - Dimensional Bullseye  Hex/Tloc       0%         N/A       100%        4

Your spell library contained the following spells:

 Spells                   Type           Power      Damage    Failure   Level
 Apportation              Tloc           0%         N/A       54%         1
 Necrotise                Necr           0%         1d4       54%         1
 Shock                    Conj/Air       0%         1d3       54%         1
 Sting                    Conj/Alch      0%         1d3       54%         1
 Cigotuvi's Dreadful Rot  Necr/Alch/Air  0%         N/A       69%         2
 Mercury Vapours          Alch/Air       0%         N/A       69%         2
 Dazzling Flash           Conj/Hex       0%         N/A       89%         3
 Inner Flame              Hex/Fire       0%         N/A       89%         3
 Mephitic Cloud           Conj/Alch/Air  0%         N/A       89%         3
 Volatile Blastmotes      Fire/Tloc      0%         2d10      89%         3
 Flame Wave               Conj/Fire      0%         2d4       100%        4
 Ignite Poison            Fire/Alch      0%         N/A       100%        4
 Iskenderun's Mystic Bla Conj/Tloc 0%             2d3        (+2d1     100%        4
 Leda's Liquefaction      Alch/Erth      0%         N/A       100%        4
 Olgreb's Toxic Radiance  Alch           0%         N/A       100%        4
 Petrify                  Alch/Erth      0%         N/A       100%        4
 Sticky Flame             Fire/Alch      0%         2d4       100%        4
 Vhi's Electric Charge    Tloc/Air       0%         N/A       100%        4
 Arcjolt                  Conj/Air       0%         1d10      100%        5
 Freezing Cloud           Conj/Ice/Air   0%         6-21      100%        5
 Metabolic Englaciation   Hex/Ice        0%         N/A       100%        5
 Silence                  Hex/Air        0%         N/A       100%        5
 Gell's Gavotte           Tloc           0%         2d(11-16) 100%        6
 Starburst                Conj/Fire      0%         6d3       100%        6
 Fulsome Fusillade        Conj/Alch      0%         (3-5)d4   100%        8
 Summon Small Mammal      Summ           Unusable   N/A       N/A         1
 Tukima's Dance           Hex            Unusable   N/A       N/A         3
 Summon Blazeheart Golem  Fire/Summ      Unusable   N/A       N/A         4
 Summon Lightning Spire   Summ/Air       Unusable   N/A       N/A         4

Dungeon Overview and Level Annotations

Branches:
Dungeon (15/15)            Temple (1/1) D:6            Lair (5/5) D:10
 Shoals (3/4) Lair:3       Spider (4/4) Lair:3        Slime (0/5) Lair:4
    Orc (2/2) D:11            Elf (0/3) Orc:2        Vaults (0/5) D:13
 Depths (0/4) D:15          Sewer (visited)         Ossuary (visited)
 Bailey (visited)

Altars:
Ashenzari
Cheibriados
Dithmenos
Elyvilon
Fedhas
Gozag
Hepliaklqana
Kikubaaqudgha
Makhleb
Nemelex Xobeh
Okawaru
Qazlal
Ru
Sif Muna
Trog
Uskayaw
Vehumet
Wu Jian
Xom
Yredelemnul
Zin
The Shining One
Jiyva

Shops:
D:5 [   D:10 !   Orc:2 =*[(

Annotations:
D:6 1 runed translucent door
D:8 2 transporters
D:9 1 runed translucent door, LadyBoffin's ghost, novice TeCj
Temple 2 transporters
Lair:4 1 runed translucent door, exclusion: door
Lair:5 2 runed translucent doors
Shoals:3 Ilsuiw; Lunacym's ghost, adept DsWn
Spider:2 Roxanne


Innate Abilities, Weirdness & Mutations

You can wield a second weapon in your off-hand.
It takes a long time for you to wield or remove held weapons.
Your first few attacks do less damage.
You cannot equip rings or amulets.


Message History

The merfolk impaler hits you from afar with a +0 trident of venom.
* * * LOW HITPOINT WARNING * * *
Something hits you but does no damage. The water elemental barely misses you.
Fire: m) +5 hand cannon (freeze) {Qinisela}
Press: ? - help, Q - select action, (/) - cycle Shift-Dir - straight line, f/p - merfolk impaler
Aim: a merfolk impaler, wielding a +0 trident of venom and wearing a +0 leather armour (purple smoke, almost dead, 68% to hit)
You shoot a slug.
The slug closely misses the merfolk impaler.
You shoot a sling bullet.
The sling bullet hits the merfolk impaler.
The merfolk impaler is almost dead.
* * * LOW HITPOINT WARNING * * *
Your lungs strain for air!
You feel sick.
The merfolk impaler hits you from afar with a +0 trident of venom.
* * * LOW HITPOINT WARNING * * *
You are more poisoned.
The merfolk completely misses you.
The merfolk javelineer throws a silver javelin.
The silver javelin completely misses you.
The merfolk impaler hits you but does no damage.
The water elemental hits you.
You cannot read scrolls while unable to breathe!
The water engulfing you falls away.
You gasp with relief as air once again reaches your lungs.
Found an elf skeleton.
You feel very sick.
As you read the scroll of fear, it crumbles to dust.
You assume a fearsome visage.
The water elemental is unaffected.
The merfolk impaler looks frightened!
The merfolk javelineer looks frightened!
The water elemental is unaffected.
The merfolk looks frightened!
You feel sick. The water elemental closely misses you.
The water elemental barely misses you.
As you read the scroll of teleportation, it crumbles to dust.
You feel strangely unstable.
You feel sick.
The merfolk cries, "Oh dear!
Oh dear!"
The water elemental barely misses you.
A shard of ice appears from out of thin air!
The shard of ice hits you!! You partially resist.
You die...

~.........~~###########...
~.~.......~##ß.~÷ ##..
~~~~......~# ~#~# #~.
~~~~.....!~#.~.~≈ #~.
#~~~.....~~#Z.~≈≈ ~~~#~.
#~~~m...~~~#Z#Z≈≈ #m#~.
.~~.....~~~#ZZ# #mZ#~.
.........~~#m#~≈ Z~#.#~.
.....=..E@~#W~≈≈ Z≈~~#~.
.~~~...°E(~#~~~. ..~.#~~
.~~~~.)°.°~# .#. .#~ #~~
~~~~~..m{.~# ~ #~~
~~~~~....m~~# #~~~
~~~~......~~~ ~~~~
~~~~~.......(~ ≈≈≈≈
~)~~~~~~~~~~.~~ ≈≈≈
~~~~~~~~~~~~~~~ ≈≈≈


You could see a merfolk impaler (fleeing), a merfolk javelineer (fleeing), 2
merfolk, 2 spectral sea snakes, 2 spectral snapping turtles, a spectral kraken
and 2 water elementals.

Vanquished Creatures
  Saint Roka (Orc:2)
  Jorgrun (Spider:1)
  An acid blob (Spider:4)
  A ghost moth (Spider:4)
  2 emperor scorpions
  9 broodmothers
  2 orc warlords (Orc:2)
  2 merfolk javelineers
  An ettin (D:15)
  9 entropy weavers
  4 merfolk impalers
  3 vault guards (D:13)
  A radroach (Spider:1)
  Harold (D:9)
  6 hydras
  An ogre mage (D:12)
  2 jorogumos
  2 merfolk avatars
  6 centaur warriors
  A merfolk aquamancer (Shoals:2)
  8 two-headed ogres
  8 boulder beetles
  8 demonic crawlers
  3 tengu warriors
  4 orc high priests (Orc:2)
  Sonja (D:11)
  4 skysharks
  A deep troll (D:15)
  7 sea snakes
  6 pharaoh ants
  A goliath frog (Lair:5)
  A sun moth (Spider:2)
  12 orb spiders
  A lindwurm (Lair:5)
  3 orc knights (Orc:2)
  3 deep elf pyromancers
  6 harpies
  A necromancer (D:15)
  9 steelbarb worms
  An oklob plant (Spider:4)
  17 wolf spiders
  4 moths of wrath
  5 cyclopes
  A faun (Shoals:1)
  4 orc sorcerers
  20 ugly things
  11 manticores
  9 elephants (Lair:4)
  2 merfolk sirens
  2 molten gargoyles (Lair:5)
  4 water nymphs
  6 torpor snails
  6 black mambas
  A gargoyle (D:12)
  4 rime drakes
  16 cane toads
  A centaur skeleton (D:7)
  10 komodo dragons
  2 kobold demonologists (D:11)
  3 tengu conjurers
  12 merfolk
  3 trolls
  A hellwing (D:6)
  Grinder (D:3)
  28 tarantellas
  6 polar bears
  12 blink frogs
  2 snapping turtles (Shoals:3)
  48 jumping spiders
  12 slime creatures
  A meliai zombie (D:7)
  5 dream sheep
  A vampire (D:12)
  2 wraiths
  3 shadows
  A centaur simulacrum (D:15)
  24 culicivoras
  7 water elementals
  Eustachio (D:4)
  5 wargs
  11 wyverns
  48 yaks
  10 basilisks
  3 steam dragons
  10 vampire mosquitoes
  7 humans (D:13)
  45 redbacks
  Duvessa (D:4)
  7 acid dragons
  14 water moccasins
  4 hell hounds (Lair:5)
  33 orc warriors
  A sky beast (D:5)
  2 laughing skulls (D:14)
  5 black bears
  9 ogres
  8 wolves
  11 centaurs
  2 phantoms
  6 kobold brigands
  3 elf zombies (Ossuary)
  A gnoll sergeant (D:10)
  Blork the orc (D:6)
  14 bullfrogs
  10 scorpions
  17 wights
  Dowan (D:4)
  7 killer bees
  4 howler monkeys
  4 electric eels
  7 centaur zombies
  5 lava snakes (Lair:5)
  2 hounds (D:5)
  4 human zombies (Ossuary)
  14 orc priests
  4 iguanas
  25 orc wizards
  3 sleepcaps
  4 mummies
  20 gnolls
  17 adders
  5 river rats (Sewer)
  5 shadow imps
  2 white imps (D:6)
  4 ufetubi
  2 dart slugs (D:1)
  77 orcs
  10 endoplasms
  7 giant cockroaches
  12 goblins
  12 hobgoblins
  5 jackals
  9 kobolds
  3 quokkas
  14 ball pythons
  4 bats
  7 frilled lizards
  2 hobgoblin zombies (D:5)
  23 rats
  2 butterflies (D:6)
1056 creatures vanquished.

Vanquished Creatures (others)
  A vault guard (D:13)
  A water elemental (D:15)
  A human (D:13)
  An orc wizard (Orc:2)
4 creatures vanquished.

Grand Total: 1060 creatures vanquished

Notes
Turn   | Place    | Note
-------+----------+-------------------------------------------
     0 | D:1      | Lemonizer the Coglin Hunter began the quest for the Orb.
     0 | D:1      | Reached XP level 1. HP: 16/16 MP: 1/1
    69 | D:1      | Reached skill level 1 in Stealth
   163 | D:1      | Reached XP level 2. HP: 20/22 MP: 2/2
   348 | D:1      | Reached XP level 3. HP: 28/28 MP: 3/3
   644 | D:2      | Reached XP level 4. HP: 34/34 MP: 4/4
   657 | D:2      | Identified the +1 robe of Elyvilon's Indignation {Dex+4}
   664 | D:2      | Identified the +10 spear "Thing" {holy, *Corrode rElec
                  | Str+2 Dex+3}
  1135 | D:2      | Reached XP level 5. HP: 8/40 MP: 5/5
  1433 | D:3      | Found a faded altar of an unknown god.
  1453 | D:3      | Reached skill level 3 in Fighting
  1498 | D:3      | Noticed Grinder
  1504 | D:3      | Killed Grinder
  1505 | D:3      | Reached XP level 6. HP: 47/47 MP: 6/6
  1534 | D:3      | Found a glowing drain.
  1538 | Sewer    | Entered a sewer
  1754 | Sewer    | Reached XP level 7. HP: 51/53 MP: 7/7
  1786 | Sewer    | Reached skill level 4 in Fighting
  1857 | Sewer    | Reached skill level 5 in Ranged Weapons
  2048 | D:3      | Found an ancient bone altar of Kikubaaqudgha.
  2416 | D:3      | Found a glowing golden altar of the Shining One.
  2645 | D:4      | Found the +6 shillelagh "Devastator" {shatter}
  2683 | D:4      | Noticed Duvessa
  2683 | D:4      | Noticed Dowan
  2689 | D:4      | Killed Duvessa
  2694 | D:4      | Killed Dowan
  2695 | D:4      | Reached skill level 5 in Fighting
  2702 | D:4      | Noticed Eustachio
  2716 | D:4      | Killed Eustachio
  2717 | D:4      | Reached skill level 5 in Dodging
  2717 | D:4      | Reached XP level 8. HP: 59/63 MP: 8/8
  2776 | D:4      | Found a white marble altar of Elyvilon.
  2957 | D:4      | Reached skill level 6 in Fighting
  2983 | D:4      | Found a basalt altar of Yredelemnul.
  2992 | D:4      | Found a snail-covered altar of Cheibriados.
  3182 | D:5      | Entered Level 5 of the Dungeon
  3304 | D:5      | Found a sand-covered staircase.
  3343 | Ossuary  | Entered an ossuary
  3466 | Ossuary  | Reached skill level 7 in Fighting
  3468 | Ossuary  | Reached XP level 9. HP: 72/72 MP: 9/9
  3596 | D:5      | Found a sparkling altar of Nemelex Xobeh.
  3790 | D:5      | Found a shadowy altar of Dithmenos.
  3801 | D:5      | Found a stormy altar of Qazlal.
  3825 | D:5      | Found a burning altar of Makhleb.
  3828 | D:5      | Found Hokoaf's Antique Armour Shoppe.
  3836 | D:5      | Bought a masterwork robe for 176 gold pieces
  3836 | D:5      | Identified the +0 robe of the Arcane {rC+} (You bought it
                  | in a shop on level 5 of the Dungeon)
  4019 | D:5      | Reached skill level 8 in Fighting
  4168 | D:5      | Found a hazy altar of Hepliaklqana.
  4349 | D:6      | Noticed Blork the orc
  4352 | D:6      | Killed Blork the orc
  4421 | D:6      | Found a staircase to the Ecumenical Temple.
  4431 | Temple   | Found a transporter.
  4431 | Temple   | Found a transporter.
  4431 | Temple   | Found a transporter.
  4431 | Temple   | Found a transporter.
  4431 | Temple   | Entered the Ecumenical Temple
  4444 | Temple   | Became a worshipper of Warmaster Okawaru
  4541 | D:6      | Reached skill level 1 in Invocations
  4830 | D:6      | Found a runed translucent door.
  4837 | D:6      | Found a runed translucent door.
  4847 | D:6      | Reached * piety under Okawaru
  4858 | D:6      | Reached XP level 10. HP: 57/82 MP: 10/12
  4997 | D:6      | Found a glowing silver altar of Zin.
  5136 | D:7      | Reached skill level 9 in Fighting
  5209 | D:7      | Found an opulent altar of Gozag.
  5629 | D:7      | Reached ** piety under Okawaru
  5637 | D:7      | Reached *** piety under Okawaru
  5785 | D:7      | Reached skill level 10 in Fighting
  6007 | D:8      | Found a transporter.
  6009 | D:8      | Noticed a boulder beetle
  6009 | D:8      | Noticed a deep elf pyromancer
  6012 | D:8      | Noticed a manticore
  6022 | D:8      | Found a transporter.
  6127 | D:8      | Reached skill level 5 in Invocations
  6127 | D:8      | Reached XP level 11. HP: 42/91 MP: 14/14
  6129 | D:8      | Reached **** piety under Okawaru
  6844 | D:9      | Reached skill level 10 in Dodging
  6846 | D:9      | Reached skill level 11 in Fighting
  6876 | D:9      | Found a flagged portal.
  6976 | Bailey   | Entered a bailey
  7334 | D:9      | Reached ***** piety under Okawaru
  7474 | D:9      | Noticed Harold
  7480 | D:9      | Killed Harold
  7761 | D:9      | Found a runed translucent door.
  7761 | D:9      | Found a shimmering altar of Xom.
  7761 | D:9      | Noticed LadyBoffin's ghost (novice TeCj)
  7762 | D:9      | Noticed a +1 hand axe of chaos
  7856 | D:10     | Entered Level 10 of the Dungeon
  7857 | D:10     | Noticed a two-headed ogre
  7865 | D:10     | Killed a two-headed ogre
  7865 | D:10     | Received a gift from Okawaru
  7960 | D:10     | Found a staircase to the Lair.
  7978 | D:10     | Reached skill level 12 in Fighting
  8287 | D:10     | Found Mabrimos's Distillery.
  8296 | D:10     | Bought a potion of heal wounds for 55 gold pieces
  8296 | D:10     | Bought a potion of heal wounds for 55 gold pieces
  8296 | D:10     | Bought a potion of lignification for 33 gold pieces
  8296 | D:10     | Bought a potion of resistance for 110 gold pieces
  8296 | D:10     | Bought a potion of enlightenment for 55 gold pieces
  8384 | D:10     | Found a shimmering blue altar of Sif Muna.
  8386 | D:10     | Reached XP level 12. HP: 102/102 MP: 15/15
  8895 | D:11     | Found a staircase to the Orcish Mines.
  8939 | D:11     | Noticed Sonja
  8946 | D:11     | Killed Sonja
  9004 | D:11     | Received a gift from Okawaru
  9153 | D:11     | Noticed a two-headed ogre
  9157 | D:11     | Killed a two-headed ogre
  9370 | D:11     | Noticed a boulder beetle
  9574 | Lair:1   | Entered Level 1 of the Lair of Beasts
  9583 | Lair:1   | Reached skill level 13 in Fighting
  9743 | Lair:1   | Reached skill level 1 in Evocations
  9969 | Lair:1   | Reached ****** piety under Okawaru
 10161 | Lair:1   | Received a gift from Okawaru
 10676 | Lair:2   | Reached skill level 5 in Evocations
 11142 | Lair:2   | Identified the +2 robe of Evolution {Int+3}
 11398 | Lair:3   | Reached XP level 13. HP: 81/111 MP: 17/17
 11584 | Lair:3   | Received a gift from Okawaru
 11595 | Lair:3   | Found a staircase to the Shoals.
 11855 | Lair:3   | Found a hole to the Spider Nest.
 12948 | Lair:4   | Reached skill level 1 in Armour
 13039 | Lair:4   | Received a gift from Okawaru
 13593 | Lair:4   | Received a gift from Okawaru
 13832 | Lair:4   | Reached skill level 10 in Evocations
 13836 | Lair:4   | Reached XP level 14. HP: 95/118 MP: 19/19
 14071 | Lair:4   | Found a viscous altar of Jiyva.
 14071 | Lair:4   | Noticed an azure jelly
 14072 | Lair:4   | Found a runed translucent door.
 14073 | Lair:4   | Found a staircase to the Slime Pits.
 14073 | Lair:4   | Noticed an azure jelly
 14399 | Lair:5   | Entered Level 5 of the Lair of Beasts
 14412 | Lair:5   | Acquired an adeledicnander widget {rPois rCorr Slay+3 Clar
                  | RMsl}
 14812 | Lair:5   | Reached skill level 5 in Armour
 14900 | Lair:5   | Got the Lessons on Misty Combustion
 14932 | Lair:5   | Received a gift from Okawaru
 15638 | Lair:5   | Found a large runed translucent door.
 15638 | Lair:5   | Found a large runed translucent door.
 15659 | Lair:5   | Reached skill level 10 in Ranged Weapons
 16290 | Lair:1   | Acquired the +3 pair of boots of the Arcane {Will+}
 16290 | Lair:1   | Received a gift from Okawaru
 16629 | D:12     | Received a gift from Okawaru
 16920 | D:12     | Received a gift from Okawaru
 18277 | D:13     | Reached XP level 15. HP: 123/123 MP: 20/20
 18478 | D:13     | Found a gate to the Vaults.
 18801 | D:14     | Received a gift from Okawaru
 19551 | D:14     | Found a blossoming altar of Fedhas.
 19844 | D:15     | Entered Level 15 of the Dungeon
 19910 | D:15     | Received a gift from Okawaru
 20215 | D:15     | HP: 4/123 [boulder beetle (17)]
 20244 | D:15     | Reached skill level 10 in Armour
 20502 | D:15     | Identified the +8 spear "Unibb" {protect, MP+9}
 20862 | D:15     | Found a staircase to the Depths.
 21122 | D:15     | Received a gift from Okawaru
 21528 | Lair:1   | Acquired a +3 hand cannon of flaming
 21528 | Lair:1   | Received a gift from Okawaru
 21596 | Orc:1    | Entered Level 1 of the Orcish Mines
 21791 | Orc:2    | Entered Level 2 of the Orcish Mines
 21793 | Orc:2    | Noticed Saint Roka
 21970 | Orc:2    | Noticed an orc warlord
 22335 | Orc:2    | Killed Saint Roka
 22351 | Orc:2    | Noticed an orc warlord
 22361 | Orc:2    | Killed an orc warlord
 22707 | Orc:2    | Found a staircase to the Elven Halls.
 22730 | Orc:2    | Killed an orc warlord
 22730 | Orc:2    | Received a gift from Okawaru
 22731 | Orc:2    | Reached XP level 16. HP: 132/132 MP: 21/21
 23154 | Orc:2    | Reached skill level 14 in Fighting
 23218 | Orc:2    | Found Rocluf's General Store.
 23219 | Orc:2    | Found Puump's Jewellery Emporium.
 23221 | Orc:2    | Found Ziutetiwe's Antique Armour Shoppe.
 23221 | Orc:2    | Found Saofot's Antique Weapon Shoppe.
 23331 | Orc:2    | Bought a slimy cloak for 266 gold pieces
 23331 | Orc:2    | Identified the +2 cloak of Valiance {+Blink rN+} (You
                  | bought it in a shop on level 2 of the Orcish Mines)
 23344 | Orc:2    | Bought a runed helmet for 210 gold pieces
 23359 | Orc:2    | Bought a slimy scale mail for 252 gold pieces
 23359 | Orc:2    | Identified the +1 scale mail of Oblivion {rPois rF+ rC+
                  | Str-3} (You bought it in a shop on level 2 of the Orcish
                  | Mines)
 23686 | Spider:1 | Entered Level 1 of the Spider Nest
 25054 | Spider:1 | Received a gift from Okawaru
 25381 | Spider:1 | Identified the +1 leather armour of Good Intentions
                  | {Regen+}
 25828 | Spider:2 | Reached skill level 15 in Fighting
 25833 | Spider:2 | Noticed Jorgrun
 25849 | Spider:1 | HP: 6/136 [demonic crawler (8)]
 25849 | Spider:1 | HP: 2/136 [demonic crawler (4)]
 26364 | Spider:2 | Reached skill level 15 in Ranged Weapons
 26382 | Spider:1 | Killed Jorgrun
 26382 | Spider:1 | Received a gift from Okawaru
 27100 | Spider:2 | Noticed Roxanne
 27585 | Spider:3 | Reached XP level 17. HP: 103/144 MP: 22/22
 27806 | Spider:3 | Received a gift from Okawaru
 28167 | Spider:3 | Reached skill level 16 in Fighting
 29085 | Spider:4 | Entered Level 4 of the Spider Nest
 29465 | Spider:4 | Received a gift from Okawaru
 29522 | Spider:4 | Noticed an acid blob
 29531 | Spider:4 | Killed an acid blob
 29602 | Spider:4 | Identified the ring of Efuupoeck {Str+6 Slay+3}
 30272 | Spider:4 | Received a gift from Okawaru
 30314 | Spider:4 | Reached skill level 17 in Fighting
 31191 | Spider:4 | Received a gift from Okawaru
 32699 | Spider:4 | Got a gossamer rune of Zot
 33028 | Shoals:1 | Entered Level 1 of the Shoals
 33090 | Shoals:1 | Reached XP level 18. HP: 131/155 MP: 23/23
 33875 | Shoals:2 | Received a gift from Okawaru
 33969 | Shoals:2 | Reached skill level 18 in Fighting
 34184 | Shoals:2 | Learned a level 4 spell: Dimensional Bullseye
 34992 | Shoals:3 | Identified a scroll of acquirement
 34995 | Shoals:3 | Identified the ring of Fausots {AC+4 Dex+6}
 35003 | Shoals:3 | Noticed Lunacym's ghost (adept DsWn)
 35006 | Shoals:3 | Noticed Ilsuiw
 35031 | Shoals:3 | Killed from afar by Ilsuiw

Illustrated notes

Levels and vault maps discovered:
D:1:      minmay_arrival_four_loops, layout_rooms
D:2:      layout_basic, minmay_fractal_squares_5
D:3:      layout_basic, kiku_gazebo_garden_becter, tso_altar,
          gup_sewer_entry_bowl, nicolae_ecumenical_lake_church,
          guppyfry_early_lair_pool, uniq_grinder
D:4:      layout_rooms, mainiacjoe_overflow_swirl, kennysheep_little_box,
          uniq_duvessa, uniq_eustachio
D:5:      layout_loops_ring, mainiacjoe_overflow_brackets,
          mainiacjoe_overflow_alcove_2, mainiacjoe_overflow_surrounded_room,
          mainiacjoe_overflow_alcove_1, lemuel_crystal_altar, serial_shops,
          shop, nicolae_ossuary_entry_giza, chequers_serial_rivers_small_b,
          blue_anna_alchemist, kennysheep_cluttered_room
D:6:      lemuel_insect_pit, layout_rooms, zin_statuary,
          minmay_temple_entry_waves, uniq_blork_the_orc
D:7:      cheibrodos_grave_circle, layout_cave_pools, lemuel_round_altar,
          corexii_corridor_pit
D:8:      gammafunk_sealed_arena, layout_basic
D:9:      layout_gridville, ebering_ghost_xom, enter_bailey_3, st_stairs_3,
          uniq_harold
D:10:     layout_rooms, kennysheep_orc_sif_temple, minmay_lair_entry_grove,
          serial_shops, nicolae_shop_trees
D:11:     layout_loops_cross, orc_0_dummy, serial_bayou_lagoon_a, uniq_sonja
D:12:     layout_rooms
D:13:     layout_roguey, ximxim_vaults_locker_room
D:14:     layout_basic, fedhas_altar_4
D:15:     hangedman_depths_entry_civil_slaughter, layout_basic,
          kennysheep_doodads
Temple:   hellmonk_temple_divided_pantheon
Lair:1:   layout_loops_ring, lemuel_fruit_fields, grunt_megastairs_1,
          serial_bayou_shore_a
Lair:2:   layout_gridlike, infiniplex_staircase_pool_2
Lair:3:   layout_small_grid, nicolae_shoals_entry_roost,
          spider_nest_entry_funnel_web, beast_lair_carwin_3
Lair:4:   beast_lair_carwin_large_3, layout_loops_ring, slime_entry_2,
          minivault_19, minmay_shattered_shrine
Lair:5:   cheibrodos_lair_end_hotspot, layout_regular_city, hellmonk_talismancer
Shoals:1: layout_shoals
Shoals:2: layout_shoals, kb_tengu_band
Shoals:3: layout_shoals, ebering_ghost_davey_jones,
          nicolae_shoals_former_cling_halls, uniq_ilsuiw
Spider:1: layout_spider_delve, hangedman_spider_tarantella_strand
Spider:2: layout_spider_delve, drop_trap, hive_lemuel, uniq_roxanne,
          uniq_jorgrun
Spider:3: layout_chambers
Spider:4: hellmonk_spider_rune_endless_swarm, nicolae_spider_acid_house
Orc:1:    layout_caves, nicolae_orc_quarried_blocks
Orc:2:    st_orc_congregation, layout_caves, uniq_saint_roka

Skill      XL: |  1  2  3  4  5  6  7  8  9 10 11 12 13 14 15 16 17 18 |
---------------+-------------------------------------------------------+-----
Stealth        | 1 2 3 |  3.0
Dodging        | 2 3 5 6 8 9 11 12 | 12.0
Ranged Weapons | 4 5 6 9 11 13 15 17 | 17.7
Fighting       | 3 5 7 8 10 12 13 15 17 18 | 18.3
Invocations    | 2 5 6 7 |  7.0
Evocations     | 5 10 | 10.1
Armour         | 4 8 10 | 10.0

Action                     |  1- 3 |  4- 6 |  7- 9 | 10-12 | 13-15 | 16-18 || total
---------------------------+-------+-------+-------+-------+-------+-------++-------
  Melee: Spear             |       |    67 |   170 |   386 |   626 |       ||  1249
         Trident           |       |    57 |    27 |       |       |       ||    84
         Shillelagh        |       |       |   117 |   325 |   582 |       ||  1024
   Fire: Sling             |   134 |    40 |       |       |   163 |  1177 ||  1514
         Hand cannon       |       |       |       |       |   163 |  1177 ||  1340
 Invoke: Heroism           |       |       |       |       |     4 |    10 ||    14
         Receive Armour    |       |       |       |       |     1 |       ||     1
         Receive Weapon    |       |       |       |       |     1 |       ||     1
         Finesse           |       |       |       |       |       |     1 ||     1
Ability: Invent Gizmo      |       |       |       |       |     1 |       ||     1
  Evoke: Wand              |       |       |       |       |       |     5 ||     5
    Use: Scroll            |       |       |     4 |     8 |    14 |    25 ||    51
         Potion            |       |       |       |     2 |     5 |     6 ||    13
   Stab: Sleeping          |       |     6 |    15 |    25 |    18 |       ||    64
         Distracted        |       |       |     1 |     1 |     2 |       ||     4
 Armour: Ring mail         |    12 |    38 |    52 |       |   458 |   871 ||  1431
         Leather armour    |       |       |    79 |   199 |    31 |       ||   309
  Dodge: Dodged            |    13 |    57 |   129 |   419 |   799 |   982 ||  2399
         Repelled          |       |       |       |       |    41 |    16 ||    57

Table legend: (Time is in decaauts)
 A = Elapsed time spent in this place.
 B = Non-inter-level travel time spent in this place.
 C = Inter-level travel time spent in this place.
 D = Time resting spent in this place.
 E = Time spent auto-exploring this place.
 F = Levels seen in this place.
 G = Mean time per level.
                   A        B        C        D        E       F      G
               +--------+--------+--------+--------+--------+-----+--------+
         Total |  35451 |  33538 |   1913 |   8314 |  18137 |  33 | 1074.3 |
       Dungeon |  14061 |  13336 |    725 |   2433 |   8238 |  15 |  937.4 |
        Temple |     27 |     18 |      9 |      0 |      0 |   1 |   27.0 |
          Lair |   8327 |   7570 |    757 |   1683 |   4412 |   5 | 1665.4 |
        Shoals |   1988 |   1920 |     68 |      0 |   1518 |   3 |  662.7 |
   Spider Nest |   8066 |   7784 |    282 |   3313 |   2902 |   4 | 2016.5 |
  Orcish Mines |   1970 |   1899 |     71 |    751 |    621 |   2 |  985.0 |
         Sewer |    550 |    550 |      0 |    134 |    215 |   1 |  550.0 |
       Ossuary |    143 |    143 |      0 |      0 |     91 |   1 |  143.0 |
        Bailey |    315 |    315 |      0 |      0 |    140 |   1 |  315.0 |
               +--------+--------+--------+--------+--------+-----+--------+

Top non-repeatable levels by time:
Spider:3: 2849 daAuts
  Lair:3: 2582 daAuts
Spider:4: 2485 daAuts
Spider:1: 1786 daAuts
  Lair:5: 1780 daAuts
    D:14: 1706 daAuts
  Lair:4: 1601 daAuts
  Lair:1: 1363 daAuts
    D:13: 1260 daAuts
   Orc:1: 1170 daAuts
    D:10: 1064 daAuts
    D:11: 1058 daAuts
    D:15: 1037 daAuts
     D:5: 1036 daAuts
     D:6: 1036 daAuts
